 Dungeon Crawl Stone Soup version 0.26-a0-661-g406de6ba63 (console) character file.

Game seed: 18069018381438978472

3579 om the Cleaver (level 9, -5/75 HPs)
             Began as a Deep Dwarf Fighter on Oct 8, 2020.
             Was a Follower of Makhleb.
             Slain by a troll (9 damage)
             ... on level 8 of the Dungeon.
             The game lasted 00:11:31 (5369 turns).

om the Cleaver (Deep Dwarf Fighter)                 Turns: 5369, Time: 00:11:32

Health: -5/75      AC:  8    Str: 22    XL:     9   Next: 84%
Magic:  6/6        EV:  9    Int:  9    God:    Makhleb [*.....]
Gold:   307        SH:  9    Dex:  8    Spells: 8/8 levels left

rFire    . . .     SeeInvis +   a - +0 war axe
rCold    + . .     Faith    .   c - +0 kite shield
rNeg     . . .     Spirit   .   b - +0 scale mail
rPois    +         Reflect  .   (no helmet)
rElec    .         Harm     .   (no cloak)
rCorr    .         Rampage  .   (no gloves)
MR       +....                  (no boots)
Stlth    ..........             B - amulet of the acrobat
HPRegen  0.00/turn              H - ring of Miracles {+Fly rC+ Dex-5 SInv}
MPRegen  0.10/turn              I - ring of poison resistance

@: mighty, non-regenerating
A: damage resistance, heal wounds, sense surroundings 2, no regeneration
a: Heal Wounds, Renounce Religion, Evoke Flight


You were on level 8 of the Dungeon.
You worshipped Makhleb.
Makhleb was aware of your devotion.
You visited 1 branch of the dungeon, and saw 8 of its levels.

You collected 499 gold pieces.
You spent 192 gold pieces at shops.

Inventory:

Hand Weapons
 a - a +0 war axe (weapon)
Armour
 b - a +0 scale mail (worn)
 c - a +0 kite shield (worn)
Jewellery
 p - an uncursed ring of ice
 B - an amulet of the acrobat (around neck)
 C - an uncursed ring of protection from fire
 D - an uncursed ring of positive energy
 F - an uncursed ring of protection from magic
 H - the ring of Miracles (left hand) {+Fly rC+ Dex-5 SInv}
   (You found it on level 7 of the Dungeon)

   [ring of see invisible]

   It affects your dexterity (-5).
   It protects you from cold.
   It lets you see invisible.
   It lets you fly.
 I - a ring of poison resistance (right hand)
Wands
 o - a wand of random effects (14)
 x - a wand of flame (16)
 y - a wand of enslavement (19)
 z - a wand of polymorph (6)
Scrolls
 e - a scroll of amnesia
 g - 2 scrolls of random uselessness
 h - 3 scrolls of remove curse
 k - a scroll of enchant armour {unknown}
 l - a scroll of immolation {unknown}
 m - 3 scrolls of enchant weapon
 n - a scroll of blinking {unknown}
 q - 2 scrolls of magic mapping {unknown}
 s - 8 scrolls of teleportation
 v - 2 scrolls of fog {unknown}
 J - a scroll of silence {unknown}
Potions
 f - 2 potions of stabbing
 i - 5 potions of curing
 j - 2 potions of lignification {unknown}
 r - 2 potions of brilliance {unknown}
 t - a potion of haste
 u - 3 potions of degeneration {unknown}
 w - a potion of flight {unknown}
 A - 2 potions of invisibility
 E - a potion of berserk rage {unknown}


   Skills:
 - Level 3.0 Fighting
 - Level 10.0 Axes
 * Level 9.6 Armour
 - Level 4.0 Dodging
 - Level 4.0 Shields
 - Level 5.0 Invocations
 - Level 5.0 Evocations


You had 8 spell levels left.
You didn't know any spells.
Your spell library contained the following spells:

 Spells                   Type           Power        Failure   Level
 Shock                    Conj/Air       #...         98%         1
 Summon Small Mammal      Summ           #...         98%         1
 Call Imp                 Summ           #.......     99%         2
 Swiftness                Air            #.......     99%         2
 Call Canine Familiar     Summ           #.......     100%        3
 Static Discharge         Conj/Air       #.......     100%        3
 Summon Guardian Golem    Hex/Summ       #.......     100%        3
 Airstrike                Air            #.........   100%        4
 Summon Ice Beast         Ice/Summ       #.......     100%        4
 Summon Lightning Spire   Summ/Air       #.......     100%        4
 Lightning Bolt           Conj/Air       #.........   100%        5


Dungeon Overview and Level Annotations

Branches:
Dungeon (8/15)             Temple (0/1) D:6
   Lair: D:8-11

Altars:
Dithmenos
Elyvilon
Gozag
Makhleb
Nemelex Xobeh
Okawaru
Vehumet
Yredelemnul

Shops:
D:5 !


Innate Abilities, Weirdness & Mutations

You are resistant to damage.
You can heal yourself by infusing magical energy.
You passively map the area around you.
You do not regenerate.


Message History

You barely miss the troll. The troll bites you!
You block the troll's attack. x2
You hit the troll.
The troll is lightly wounded.
The troll bites you! The troll claws you!
* * * LOW HITPOINT WARNING * * *
The troll claws you.
* * * LOW HITPOINT WARNING * * *
You closely miss the troll.
The troll is lightly wounded.
You block the troll's attack. The troll closely misses you.
You block the troll's attack.
You hit the troll.
The troll is lightly wounded.
The troll bites you but does no damage. The troll claws you.
* * * LOW HITPOINT WARNING * * *
The troll claws you!
* * * LOW HITPOINT WARNING * * *
You slice the troll!!
The troll is severely wounded.
The troll bites you!
You die...

#...####
####...## #...#
##...## #..##
#....######
#...#
##........#
#...##
#.....####
##...##
*#######
###..## ###
##..## ##.+
##..####..#
##.......######
########@To..#
###o...# *
..... * ,.... ,
* ... ,* * * *
, .., , , * ,,
., * , , , , ,
, ,, , ,,, * *
, , ,** * * *,
,,, ** , *


You could see a troll and 2 orcs.

Vanquished Creatures
  Pikel (D:4)
  Menkaure (D:5)
  Duvessa (D:6)
  3 orc warriors
  A sky beast (D:6)
  3 phantoms
  5 ogres
  4 centaurs
  A lemure (D:4)
  3 bullfrogs
  Dowan (D:6)
  4 killer bees (D:7)
  2 howler monkeys
  A crimson imp (D:5)
  3 hounds (D:7)
  A bullfrog zombie (D:6)
  An orc priest (D:4)
  An iguana (D:5)
  A jelly (D:7)
  7 orc wizards
  Terence (D:3)
  5 worker ants
  2 hound skeletons (D:5)
  A worker ant zombie (D:5)
  Robin (D:3)
  8 gnolls
  13 adders
  2 white imps
  An ufetubus (D:5)
  A worm (D:2)
  3 leopard geckos
  25 orcs
  8 bats
  5 giant cockroaches
  17 goblins
  8 hobgoblins
  6 jackals (D:7)
  5 quokkas
  3 ball pythons
  2 frilled lizards
  15 kobolds
  A leopard gecko zombie (D:7)
  A quokka skeleton (D:4)
  2 quokka zombies
  10 rats
191 creatures vanquished.

Notes
Turn   | Place    | Note
-------+----------+-------------------------------------------
     0 | D:1      | om the Deep Dwarf Fighter began the quest for the Orb.
     0 | D:1      | Reached XP level 1. HP: 20/20 MP: 1/1
    80 | D:1      | Reached XP level 2. HP: 27/27 MP: 2/2
   330 | D:1      | Reached XP level 3. HP: 31/34 MP: 3/3
   352 | D:1      | Reached skill level 1 in Dodging
   593 | D:2      | Reached skill level 3 in Axes
   754 | D:2      | Reached XP level 4. HP: 35/42 MP: 4/4
  1459 | D:3      | Noticed Robin
  1491 | D:3      | Killed Robin
  1543 | D:3      | Reached XP level 5. HP: 42/49 MP: 4/4
  1587 | D:3      | Reached skill level 4 in Axes
  1832 | D:3      | Found a shadowy altar of Dithmenos.
  1864 | D:3      | Found a basalt altar of Yredelemnul.
  1931 | D:3      | Noticed Terence
  1946 | D:3      | Killed Terence
  2163 | D:4      | Reached skill level 5 in Axes
  2166 | D:4      | Reached XP level 6. HP: 32/56 MP: 5/5
  2236 | D:4      | Noticed Pikel
  2302 | D:4      | Killed Pikel
  2302 | D:4      | Reached skill level 6 in Axes
  2302 | D:4      | Reached skill level 8 in Axes
  2302 | D:4      | Reached XP level 7. HP: 42/62 MP: 6/6
  2628 | D:4      | Found an iron altar of Okawaru.
  2708 | D:4      | Found a radiant altar of Vehumet.
  2736 | D:4      | Reached skill level 9 in Axes
  2736 | D:4      | Reached XP level 8. HP: 53/69 MP: 7/7
  2794 | D:4      | Found a white marble altar of Elyvilon.
  2796 | D:4      | Found a sparkling altar of Nemelex Xobeh.
  2880 | D:5      | Entered Level 5 of the Dungeon
  2916 | D:5      | Reached skill level 10 in Axes
  3048 | D:5      | Found Wuzev's Distillery.
  3054 | D:5      | Reached skill level 5 in Armour
  3060 | D:5      | Bought a potion of heal wounds for 60 gold pieces
  3060 | D:5      | Bought a potion of invisibility for 96 gold pieces
  3108 | D:5      | Bought a potion of curing for 36 gold pieces
  3122 | D:5      | Noticed Menkaure
  3142 | D:5      | Killed Menkaure
  3545 | D:5      | Found a burning altar of Makhleb.
  3657 | D:5      | Became a worshipper of Makhleb the Destroyer
  3678 | D:6      | Noticed Dowan
  3681 | D:6      | Gained mutation: You passively map the area around you.
                  | [Deep Dwarf growth]
  3681 | D:6      | Reached XP level 9. HP: 50/75 MP: 7/7
  3693 | D:6      | Noticed Duvessa
  3705 | D:6      | Killed Duvessa
  3716 | D:6      | Killed Dowan
  3878 | D:6      | Found a staircase to the Ecumenical Temple.
  3880 | D:6      | Found a faded altar of an unknown god.
  3930 | D:6      | Reached skill level 1 in Invocations
  3930 | D:6      | Reached skill level 1 in Evocations
  4582 | D:7      | Found an opulent altar of Gozag.
  4592 | D:7      | Reached * piety under Makhleb
  4601 | D:7      | Got a smoking pewter ring
  4608 | D:7      | Identified the ring of Miracles {+Fly rC+ Dex-5 SInv} (You
                  | found it on level 7 of the Dungeon)
  5056 | D:7      | Reached skill level 5 in Invocations
  5056 | D:7      | Reached skill level 5 in Evocations
  5341 | D:8      | Noticed a troll
  5369 | D:8      | Slain by a troll

Illustrated notes

Levels and vault maps discovered:
D:1:      elethiomel_arrival_quiet, layout_basic, serial_curves, eino_curves_03,
          eino_curves_01, eino_curves_04
D:2:      layout_basic
D:3:      layout_basic, lemuel_doored_altar,
          nicolae_dithmenos_through_a_glass_darkly, uniq_robin, uniq_terence
D:4:      layout_rooms, nicolae_overflow_hidden_temple, vehumet_altar_wand_db,
          uniq_pikel
D:5:      layout_cave_pools, makhleb_grotto_becter, serial_shops,
          nicolae_shop_crystal, serial_park_tiny_2, small_statue_intersection,
          uniq_menkaure
D:6:      layout_loops_ring, nicolae_temple_entry_ecumenical, uniq_duvessa
D:7:      layout_rooms, nicolae_gozag_seed_capital
D:8:      layout_layer_cave, ashenzari_altar_1, gammafunk_ghost_spectres,
          eino_tiny_chamber, minmay_misc_feat_plants

Skill      XL: |  1  2  3  4  5  6  7  8  9 |
---------------+----------------------------+-----
Fighting       | 3 |  3.0
Dodging        | 1 2 4 |  4.0
Axes           | 3 5 8 9 10 | 10.0
Armour         | 4 7 9 |  9.6
Shields        | 4 |  4.0
Invocations    | 5 |  5.0
Evocations     | 5 |  5.0

Action                   |  1- 3 |  4- 6 |  7- 9 || total
-------------------------+-------+-------+-------++-------
Melee: War axe           |    92 |   252 |   396 ||   740
 Abil: Heal Wounds       |       |     1 |    17 ||    18
  Use: Potion            |     1 |     3 |     4 ||     8
       Scroll            |       |     5 |     5 ||    10
Armor: Scale mail        |    31 |   104 |   113 ||   248
Dodge: Dodged            |    31 |   102 |   130 ||   263
Block: Kite shield       |    53 |   171 |   204 ||   428

Table legend: (Time is in decaauts)
 A = Elapsed time spent in this place.
 B = Non-inter-level travel time spent in this place.
 C = Inter-level travel time spent in this place.
 D = Time resting spent in this place.
 E = Time spent auto-exploring this place.
 F = Levels seen in this place.
 G = Mean time per level.
                   A        B        C        D        E       F      G
               +--------+--------+--------+--------+--------+-----+--------+
         Total |   5528 |   5323 |    205 |    674 |   3074 |   8 |  691.0 |
       Dungeon |   5528 |   5323 |    205 |    674 |   3074 |   8 |  691.0 |
               +--------+--------+--------+--------+--------+-----+--------+

Top non-repeatable levels by time:
     D:6: 929 daAuts
     D:2: 896 daAuts
     D:5: 790 daAuts
     D:4: 752 daAuts
     D:3: 752 daAuts
     D:7: 676 daAuts
     D:1: 614 daAuts
     D:8: 116 daAuts
